 Dungeon Crawl Stone Soup version 0.31-a0-175-g9f7f995f2b (webtiles) character file.

Game seed: 5129395113230310896

141 qw the Chopper (level 5, 0/32 HPs)
             Began as a Gargoyle Fighter on June 16, 2023.
             Killed from afar by an orc wizard (7 damage)
             ... with a magic dart
             ... on level 4 of the Dungeon.
             The game lasted 00:01:30 (2683 turns).

qw the Chopper (Gargoyle Fighter)                   Turns: 2683, Time: 00:01:30

Health: 0/32       AC: 14    Str: 21    XL:     5   Next: 24%
Magic:  5/5        EV:  9    Int:  9    God:
Gold:   107        SH:  4    Dex:  9    Spells: 4/4 levels left

rFire   . . .        Y - +0 war axe
rCold   . . .        c - +0 buckler
rNeg    + . .        b - +0 scale mail
rPois   inf          j - +2 helmet
rElec   +            (no cloak)
rCorr   .            (no gloves)
SInv    .            (no boots)
Will    .....        (no amulet) Stlth
                     (no ring)
HPRegen 0.25/turn    (no ring)
MPRegen 0.09/turn

%: no passive effects
@: no status effects
A: sickness immunity, AC +4, negative energy resistance 1, electricity
resistance, torment resistance 1, petrification resistance
a: no special abilities


You were on level 4 of the Dungeon.
You visited 1 branch of the dungeon, and saw 4 of its levels.

You collected 107 gold pieces.


Innate Abilities, Weirdness & Mutations

You are immune to sickness and miasma.
Your stone body is resilient. (AC +4)
You are immune to poison.
You resist negative energy. (rN+)
You are resistant to electric shocks. (rElec)
You are resistant to unholy torment.
You are immune to petrification.


   Skills:
 - Level 3.2 Fighting
 + Level 4.8 Axes
 - Level 3.2 Armour
 - Level 3.2 Shields


You had 4 spell levels left.
You didn't know any spells.
Your spell library was empty.

Inventory:

Hand Weapons
 a - a +0 flail
 Y - a +0 war axe (weapon)
Armour
 b - a +0 scale mail (worn)
 c - a +0 buckler (worn)
 j - a +2 helmet (worn)
Scrolls
 f - 2 scrolls of teleportation {unknown}
 k - a scroll of identify
Potions
 d - a potion of might
 e - 3 potions of lignification
 g - a potion of curing {unknown}
 h - a potion of haste {unknown}
 i - a potion of degeneration {unknown}

Dungeon Overview and Level Annotations

Branches:
Dungeon (4/15)
 Temple: D:4-7

Altars:
Elyvilon

Annotations:
D:2 1 runed translucent door, Crazy Yiuf


Message History

The orc completely misses you. Something hits you but does no damage.
You hit the orc.
You kill the orc!
You barely miss something. Something hits you but does no damage.
You miss something.
You hear some strange, mumbled words.
A puff of flame appears from out of thin air!
The puff of flame hits you!
You miss something. Something hits you but does no damage.
You block something's attack.
You barely miss something. Something hits you but does no damage.
You miss something.
You hear some strange, mumbled words.
A puff of flame appears from out of thin air!
The puff of flame hits you but does no damage.
You closely miss something.
Something hits you but does no damage. x2
You hit something. Something hits you but does no damage.
You miss something. Something hits you but does no damage.
You slash something!
You hear some strange, mumbled words.
A puff of flame appears from out of thin air!
The puff of flame hits you.
You hear some strange, mumbled words.
A magic dart appears from out of thin air!
The magic dart hits you!
An orc wizard comes into view. It is wielding a +0 dagger.
2675 ||| FLEEEEING.
Something hits you but does no damage. You block something's attack.
There is a stone staircase leading up here.
2683 ||| STAIRDANCE You hear some strange, mumbled words.
A magic dart appears from out of thin air!
The magic dart hits you!
You die...

. o..
....##########
......)......#
........!....#
......)......#
.............#####
########.........##
#......{@..###
#............#
#............#
.....
#............#
.....
#............#
......
#####....#.####....
#.####....#...
#.#...#.##..# #
#.....##.#..##.#.


There were no monsters in sight!

Vanquished Creatures
  Robin (D:3)
  2 adders
  A gnoll (D:1)
  4 worms
  8 orcs
  6 endoplasms
  6 giant cockroaches
  11 goblins
  12 hobgoblins
  A quokka (D:1)
  7 ball pythons
  7 bats
  A frilled lizard (D:1)
  4 kobolds
  7 rats
78 creatures vanquished.

Notes
Turn   | Place    | Note
-------+----------+-------------------------------------------
     0 | D:1      | qw the Gargoyle Fighter began the quest for the Orb.
     0 | D:1      | Reached XP level 1. HP: 14/14 MP: 1/1
     0 | D:1      | 0 ||| qw: Version: 0.2-a-29-g511e9b1
     0 | D:1      | 0 ||| qw: Game counter: 5893
     0 | D:1      | 0 ||| qw: Always use a shield: true
     0 | D:1      | 0 ||| qw: God list: Okawaru
     0 | D:1      | 0 ||| qw: Allow faded altars: false
     0 | D:1      | 0 ||| qw: Do Orc after D:15 true
     0 | D:1      | 0 ||| qw: Do second Lair branch before Depths: true
     0 | D:1      | 0 ||| qw: Lair rune preference: random
     0 | D:1      | 0 ||| qw: Plans: Normal, Zot:1-4, Slime:5, God:TSO, Crypt,
                  | Tomb, Abyss, Pan, Hells, Win
     0 | D:1      | 0 ||| PLANNING D:1-11
    16 | D:1      | 16 ||| Stepping ~*~*~tactically~*~*~ (stealth).
    30 | D:1      | Reached skill level 2 in Axes
   145 | D:1      | Reached XP level 2. HP: 19/19 MP: 2/2
   156 | D:1      | 156 ||| Stepping ~*~*~tactically~*~*~ (stealth).
   365 | D:1      | Reached skill level 3 in Axes
   377 | D:1      | Reached XP level 3. HP: 23/23 MP: 3/3
   806 | D:1      | Found a faded altar of an unknown god.
   850 | D:1      | 850 ||| DROPPING +6 ring of intelligence.
   851 | D:1      | 851 ||| READING scroll labelled GONEHA EBLAFORALE.
   852 | D:1      | 852 ||| READING scroll labelled ZIUMYKHLY ZAESU.
   853 | D:1      | 853 ||| READING 2 scrolls labelled DUATSI HAEQAYT.
   854 | D:1      | 854 ||| DRINKING 2 puce potions.
   855 | D:1      | 855 ||| DROPPING scroll of fog.
   856 | D:1      | 856 ||| DROPPING potion of enlightenment.
  1304 | D:2      | Reached XP level 4. HP: 28/28 MP: 4/4
  1497 | D:2      | Reached skill level 4 in Axes
  1552 | D:2      | Found a runed translucent door.
  1553 | D:2      | Noticed Crazy Yiuf
  1720 | D:2      | 1720 ||| READING scroll labelled ERCHUTH MIUWY.
  1721 | D:2      | 1721 ||| READING scroll labelled PEAREWAIDO.
  1722 | D:2      | 1722 ||| DRINKING 3 black potions.
  1801 | D:3      | 1801 ||| Stepping ~*~*~tactically~*~*~ (stealth).
  1841 | D:3      | 1841 ||| DROPPING +0 whip.
  1990 | D:3      | Found a white marble altar of Elyvilon.
  2131 | D:3      | Noticed Robin
  2134 | D:3      | 2134 ||| Stepping ~*~*~tactically~*~*~ (hiding).
  2147 | D:3      | Killed Robin
  2162 | D:3      | Reached XP level 5. HP: 16/32 MP: 5/5
  2430 | D:3      | 2430 ||| UPGRADING to +2 helmet.
  2435 | D:3      | 2435 ||| READING scroll labelled HALYUG BYERPH.
  2436 | D:3      | 2436 ||| READING 2 scrolls labelled GIOR JOER NARA.
  2437 | D:3      | 2437 ||| DROPPING scroll of amnesia.
  2497 | D:4      | 2497 ||| Stepping ~*~*~tactically~*~*~ (stealth).
  2498 | D:4      | 2498 ||| Stepping ~*~*~tactically~*~*~ (stealth).
  2499 | D:4      | 2499 ||| Stepping ~*~*~tactically~*~*~ (stealth).
  2674 | D:4      | HP: 5/32 [something/magic dart (9)]
  2675 | D:4      | 2675 ||| FLEEEEING.
  2683 | D:4      | 2683 ||| STAIRDANCE
  2683 | D:4      | Killed from afar by an orc wizard

Levels and vault maps discovered:
D:1:      elethiomel_arrival_quiet, layout_loops_ring,
          ebering_ecumenical_altar_ruins, minmay_tetromino_i2
D:2:      layout_loops_ring, uniq_crazy_yiuf_cottage
D:3:      layout_rooms, elyvilon_altar_3, uniq_robin
D:4:      layout_basic, minmay_temple_entry_antechambers, nicolae_eternal_life,
          kennysheep_donut, minmay_strange_pillars, minmay_ruined_shrine

Skill      XL: |  1  2  3  4 |
---------------+-------------+-----
Axes           | 2 3 4 |  4.8
Fighting       | |  3.2
Armour         | |  3.2
Shields        | |  3.2

Action                     |  1- 3 |  4- 6 || total
---------------------------+-------+-------++-------
  Melee: War axe           |   110 |   132 ||   242
    Use: Scroll            |     3 |     4 ||     7
         Potion            |     1 |     1 ||     2
   Stab: Distracted        |       |     1 ||     1
 Armour: Scale mail        |    44 |    88 ||   132
  Dodge: Dodged            |    45 |    61 ||   106
  Block: Buckler           |    18 |    16 ||    34

Table legend:
 A = Non-vault XP
 B = Vault XP
 C = Vault XP percentage of total XP
 D = Non-vault monster count
 E = Vault monster count
 F = Vault count percentage of total count
                 A         B        C        D         E       F
            +---------+---------+-------+---------+---------+-------
      Total |     161 |      41 |  20.3 |      63 |      15 |  19.2
            +---------+---------+-------+---------+---------+-------
        D:1 |      49 |       3 |   5.8 |      23 |       2 |   8.0
        D:2 |      50 |       0 |   0.0 |      17 |       0 |   0.0
        D:3 |      30 |      38 |  55.9 |      14 |      13 |  48.1
        D:4 |      32 |       0 |   0.0 |       9 |       0 |   0.0
            +---------+---------+-------+---------+---------+-------
